Map: [ESL] Oceanborn

Players

Dark - Winner!

  • Race: Zerg Zerg
  • Spawn Location: 5:00

LiquidSKill (SKillous)

  • Race: Protoss Protoss
  • Spawn Location: 11:00

VOD

Have the link to the VOD?

Description

Time

  • Played on: Nov. 28, 2023, 5:33 a.m.
  • Length: 10:16
Show
View Real Time Build Order
Export as new Build Order

Dark Zerg - Winner!

Build Orders: Hatch First 

Get SALT Encoding   

  12  0:00  Drone  
  13  0:12  Overlord  
  13  0:17  Drone  
  14  0:31  Drone x2  
  16  0:43  Drone  
  16  0:47  Drone  
  18  0:57  Hatchery  
  18  1:00  Drone  
  18  1:07  Extractor  
  17  1:14  Spawning Pool  
  17  1:18  Drone  
  17  1:21  Drone  
  18  1:34  Drone  
  19  1:41  Drone  
  20  1:51  Drone  
  21  2:01  Overlord  
  21  2:08  Metabolic Boost  
  21  2:09  Queen x2  
  21  2:10  Zergling x2  
  21  2:13  Drone  
  27  2:20  Drone  
  27  2:22  Drone  
  29  2:32  Drone  
  29  2:35  Drone  
  31  2:43  Drone x2  
  33  2:44  Hatchery  
  33  2:49  Queen  
  34  2:55  Overlord  
  34  2:59  Drone  
  34  3:03  Drone  
  36  3:09  Overlord  
  36  3:13  Queen  
  36  3:15  Drone  
  36  3:16  Zergling x2  
  36  3:17  Zergling x2  
  36  3:19  Drone x3  
  44  3:29  Drone x3  
  44  3:30  Queen  
  49  3:35  Spore Crawler  
  49  3:40  Zergling x2  
  49  3:42  Drone x2  
  49  3:45  Spore Crawler  
  50  3:49  Drone x2  
  50  3:59  Drone x5  
  55  4:03  Queen  
  55  4:05  Zergling x2  
  55  4:07  Overlord  
  58  4:12  Lair  
  58  4:16  Overlord  
  58  4:19  Overlord  
  58  4:23  Spore Crawler  
  57  4:28  Zergling x4  
  57  4:29  Drone x3  
  62  4:31  Drone  
  62  4:33  Drone x2  
  62  4:35  Drone  
  62  4:36  Drone  
  67  4:41  Queen  
  67  4:43  Drone x2  
  71  4:46  Drone x3  
  74  4:53  Extractor  
  74  4:55  Queen  
  74  4:57  Zergling x12  
  81  5:01  Overlord  
  81  5:03  Overlord  
  81  5:05  Overlord  
  81  5:07  Overlord  
  81  5:12  Overlord  
  77  5:22  Nydus Network  
  77  5:23  Zergling x2  
  77  5:24  Zergling x14  
  84  5:28  Extractor  
  84  5:29  Zergling x6  
  84  5:30  Zergling x4  
  89  5:41  Zergling x2  
  89  5:42  Zergling x10  
  93  5:50  Drone  
  93  5:53  Hatchery, Hydralisk Den  
  93  5:55  Drone  
  93  5:56  Drone  
  92  6:00  Drone x3  
  92  6:02  Drone  
  92  6:03  Drone  
  92  6:04  Extractor x2  
  96  6:05  Nydus Canal, Extractor x2  
  96  6:08  Drone x2  
  96  6:09  Drone x2  
  96  6:10  Drone  
  98  6:16  Drone x3  
  98  6:17  Drone  
  101  6:19  Drone  
  101  6:25  Drone, Grooved Spines  
  103  6:29  Evolution Chamber  
  103  6:30  Drone  
  103  6:32  Drone  
  103  6:43  Drone  
  103  6:44  Drone x7  
  109  6:50  Hydralisk  
  109  6:51  Hydralisk  
  113  6:54  Overseer  
  113  6:57  Overlord x4  
  113  6:59  Overlord, Zerg Missile Weapons Level 1  
  113  7:06  Overlord  
  112  7:10  Drone  
  112  7:11  Evolution Chamber  
  109  7:17  Hydralisk  
  109  7:18  Hydralisk x9  
  109  7:19  Hydralisk  
  131  7:27  Spore Crawler, Drone  
  127  7:39  Hydralisk  
  127  7:40  Hydralisk x7  
  140  7:49  Muscular Augments  
  139  7:52  Drone x3  
  139  7:53  Drone x3  
  139  7:54  Drone x2  
  139  7:55  Extractor  
  139  7:57  Overseer, Extractor  
  145  8:08  Hydralisk x4  
  145  8:09  Zergling x12, Hydralisk x2  
  145  8:10  Zergling x6  
  166  8:18  Zerg Ground Armor Level 1  
  166  8:20  Zergling x2  
  166  8:23  Overlord x2  
  166  8:26  Overlord  
  167  8:32  Infestation Pit  
  166  8:35  Lurker Den  
  165  8:42  Zergling x22  
  165  8:43  Zergling x10  
  180  8:48  Zergling x4  
  180  8:55  Nydus Canal  
  182  8:59  Hydralisk x2  
  182  9:00  Hydralisk x3  
  176  9:04  Zergling x2  
  176  9:05  Zergling x10  
  176  9:08  Overseer  
  180  9:14  Drone x4  
  184  9:18  Zergling x10  
  184  9:19  Zergling x2  
  188  9:29  Hydralisk x4  
  176  9:31  Nydus Canal  
  176  9:34  Zergling x8  
  172  9:38  Hydralisk x2  
  172  9:44  Zergling x12  
  164  9:47  Hydralisk x2  
  164  9:50  Nydus Canal  
Show
View Real Time Build Order
Export as new Build Order

LiquidSKill Protoss 

Build Orders: 1 Gate Expand, Oracle Opening, Archon Immortal 

Get SALT Encoding   

  12  0:00  Probe  
  13  0:13  Pylon  
  13  0:17  Probe (Chrono Boost)  
  14  0:27  Probe (Chrono Boost)  
  15  0:32  Probe (Chrono Boost)  
  16  0:39  Gateway  
  16  0:44  Probe  
  16  0:48  Assimilator  
  17  0:56  Probe  
  18  1:08  Probe  
  19  1:20  Probe  
  20  1:27  Nexus  
  20  1:35  Cybernetics Core  
  20  1:38  Probe  
  21  1:45  Assimilator  
  21  1:51  Probe  
  22  1:54  Pylon  
  22  2:06  Probe (Chrono Boost)  
  23  2:12  Adept  
  25  2:18  Probe (Chrono Boost), Stargate  
  26  2:24  Probe (Chrono Boost)  
  26  2:28  Warp Gate  
  27  2:34  Probe (Chrono Boost)  
  28  2:40  Probe (Chrono Boost)  
  28  2:42  Adept  
  31  2:49  Probe (Chrono Boost)  
  31  2:50  Probe (Chrono Boost)  
  33  2:54  Probe (Chrono Boost)  
  33  2:57  Probe  
  35  2:59  Oracle (Chrono Boost)  
  38  3:06  Pylon, Probe  
  38  3:09  Probe  
  40  3:13  Gateway  
  40  3:18  Probe  
  43  3:20  Zealot  
  43  3:21  Probe  
  44  3:27  Oracle (Chrono Boost)  
  44  3:31  Probe  
  44  3:34  Probe  
  49  3:42  Pylon  
  49  3:43  Probe  
  49  3:46  Probe  
  51  3:56  Probe  
  51  4:00  Oracle  
  51  4:01  Nexus  
  56  4:03  Probe (Chrono Boost)  
  56  4:08  Probe (Chrono Boost)  
  57  4:15  Assimilator  
  57  4:16  Assimilator  
  58  4:17  Pylon  
  58  4:20  Forge, Probe (Chrono Boost)  
  58  4:22  Probe (Chrono Boost)  
  59  4:27  Probe (Chrono Boost)  
  59  4:28  Robotics Facility  
  61  4:33  Probe (Chrono Boost)  
  61  4:34  Robotics Facility  
  62  4:39  Probe (Chrono Boost)  
  62  4:43  Probe (Chrono Boost)  
  62  4:44  Probe (Chrono Boost)  
  62  4:45  Stalker  
  66  4:51  Shield Battery  
  66  4:52  Probe (Chrono Boost), Protoss Ground Weapons Level 1  
  68  5:00  Probe (Chrono Boost)  
  68  5:02  Probe (Chrono Boost)  
  68  5:06  Probe (Chrono Boost)  
  70  5:09  Pylon  
  70  5:12  Probe  
  71  5:15  Probe, Immortal (Chrono Boost)  
  71  5:18  Probe  
  71  5:19  Stalker  
  75  5:23  Adept  
  81  5:34  Twilight Council, Immortal (Chrono Boost)  
  81  5:36  Probe  
  81  5:37  Pylon  
  82  5:43  Adept  
  82  5:44  Adept  
  82  5:47  Shield Battery  
  82  5:48  Pylon  
  84  5:58  Immortal (Chrono Boost)  
  84  6:01  Immortal (Chrono Boost)  
  88  6:06  Shield Battery  
  88  6:08  Stalker, Pylon  
  90  6:14  Shield Battery, Photon Cannon  
  90  6:20  Photon Cannon  
  90  6:22  Zealot  
  90  6:25  Shield Battery  
  92  6:26  Photon Cannon  
  92  6:28  Pylon  
  92  6:37  Pylon  
  92  6:38  Zealot  
  94  6:44  Probe x2  
  94  6:45  Probe  
  97  6:48  Charge  
  97  6:50  Gateway  
  97  6:51  Gateway  
  97  6:53  Gateway  
  98  6:54  Observer  
  98  6:55  Assimilator, Protoss Ground Weapons Level 2 (Chrono Boost)  
  98  6:56  Probe x2  
  98  6:57  Probe  
  98  6:59  Assimilator  
  101  7:07  Gateway  
  101  7:08  Probe  
  101  7:09  Templar Archives, Probe  
  101  7:15  Probe  
  104  7:21  Warp Prism (Chrono Boost), Probe x2  
  108  7:27  Probe  
  108  7:28  Zealot x2  
  113  7:34  Gateway  
  113  7:36  Gateway  
  109  7:49  Warp Prism (Chrono Boost)  
  108  7:53  Gateway  
  108  7:55  Gateway  
  108  7:56  Gateway, Zealot x2  
  108  7:57  Pylon  
  114  7:59  Gateway  
  111  8:12  Nexus  
  111  8:14  Robotics Bay, High Templar x3  
  111  8:15  High Templar  
  111  8:16  Pylon  
  111  8:19  Archon x2  
  119  8:23  High Templar x2  
  123  8:30  Void Ray (Chrono Boost)  
  127  8:36  Probe  
  127  8:38  Probe  
  130  8:42  Shield Battery, Archon  
  130  8:43  Zealot x2  
  130  8:45  Pylon  
  131  8:54  Zealot x3  
  131  8:55  Zealot x6  
  149  9:01  Colossus (Chrono Boost)  
  127  9:07  Colossus (Chrono Boost)  
  127  9:16  Zealot x3  
  133  9:26  Zealot x4  
  131  9:37  Zealot x5  
  124  9:44  Zealot x3  
  122  9:49  Zealot  
  122  9:50  Zealot  
  80  10:02  Zealot x5  
  80  10:03  Zealot  
Tags
 
Add a new tag
Caveats
  • Supply blocks, unpowered buildings, or Contaminate may cause inaccurate times.
  • Supply counts are checked every 10 seconds.